 Dungeon Sprint DCSS version 0.19-a0-1920-g83281cb (console) character file.

114 Blackmore the Fighter (level 4, -9/48 HPs)
             Began as a Minotaur Fighter on Oct 23, 2016.
             Mangled by an ice devil (22 damage)
             ... summoned by a deep elf mage
             ... in the Dungeon (Sprint III: "The Ten Rune Challenge").
             The game lasted 00:02:24 (284 turns).

Blackmore the Fighter (Minotaur Fighter)             Turns: 284, Time: 00:02:25

Health: -9/48      AC: -8    Str: 22    XL:     4   Next: 67%
Magic:  3/3        EV:  7    Int:  5    God:
Gold:   29         SH: 10    Dex:  9    Spells: 0 memorised, 3 levels left

rFire  . . .     SeeInvis .     a - +0 war axe
rCold  . . .     Gourm    .     b - +0 scale mail
rNeg   . . .     Faith    .     c - +0 shield
rPois  .         Spirit   .     (helmet restricted)
rElec  .         Reflect  .     (no cloak)
rCorr  .         Harm     .     (no gloves)
MR     .....     NoTele   +     (no boots)
Stlth  ..........               (no amulet)
                                (no ring)
                                (no ring)

@: corroded, very slightly contaminated, hasted, drained, very quick
A: retaliatory headbutt, horns 2
a: no special abilities


You were in the Dungeon.
You were not hungry.

You visited 1 branch You collected 29 gold pieces.

Inventory:

Hand Weapons
 a - a +0 war axe (weapon)
Armour
 b - a +0 scale mail (worn)
 c - a +0 shield (worn)
Scrolls
 k - a scroll of blinking
 n - a scroll of holy word {unknown}
 o - 4 scrolls of remove curse
 s - a scroll of torment {unknown}
 t - a scroll of identify {unknown}
Potions
 d - a potion of might
 e - a potion of curing
 h - a potion of haste
 i - 2 potions of magic
 m - 2 potions of mutation {unknown}
 q - 3 potions of cure mutation
 r - a potion of degeneration {unknown}
 v - a potion of flight {unknown}
Comestibles
 f - a bread ration
 l - 4 chunks of flesh
 p - a meat ration
 u - a royal jelly


   Skills:
 * Level 8.0(7.3) Fighting
 * Level 5.5(4.9) Axes
 + Level 6.4(5.8) Armour
 + Level 5.7(5.1) Shields


You had 3 spell levels left.
You didn't know any spells.

Dungeon Overview and Level Annotations

Branches:
Dungeon (1/1)

Altars:
Elyvilon
Zin
The Shining One


Innate Abilities, Weirdness & Mutations

You reflexively headbutt those who attack you in melee.
You have a pair of horns on your head.


Message History

The deep elf mage blinks!
The rust devil barely misses you.
You feel much better.
The rust devil disappears in a puff of smoke!
The deep elf mage gestures wildly while chanting.
You block the deep elf mage's attack.
You barely miss the deep elf mage.
The deep elf mage is lightly wounded.
You barely miss the ice devil. The ice devil closely misses you.
You furiously retaliate!
You headbutt the ice devil, but do no damage.
You closely miss the deep elf mage.
The deep elf mage is lightly wounded.
You hit the ice devil but do no damage.
The deep elf mage points at you and mumbles some strange words.
The bolt of negative energy hits you!
You feel drained.
Ouch! That really hurt!
The ice devil hits you!
* * * LOW HITPOINT WARNING * * *
The ice devil freezes you!!
You die...

▓▓▓▓▓▓▓▓ ▓▓▓ #..'...♣♣♣
♣.##### #..#.....♣♣ ♣.#___#
####....♣.♣ ♣.#...#
...#....≈.♣♣ ♣.###'#+###+##
...#...≈≈..♣ ♣.#..........#
...#).≈≈≈≈♣♣♣♣.e4⌠........#
##'#..≈≈≈≈≈≈.♣.#@..######+#
...#.≈≈≈≈≈≈....#.⌠.#
...#.≈≈≈≈≈.....#...#
...#.≈≈≈.......#+###
####...........#
...............#
▓▓▓▓▓▓▓▓▓▓▓▓▓▓▓▓


You could see an ice devil and a deep elf mage.

Vanquished Creatures
  A water elemental (D)
  Crazy Yiuf (D)
  A human (D)
  An ooze (D)
  3 rats (D)
7 creatures vanquished.

Vanquished Creatures (others)
  A draconian scorcher (D)
  5 hellions (D)
  A plant (D)
7 creatures vanquished.

Grand Total: 14 creatures vanquished

Notes
Turn   | Place    | Note
-------+----------+-------------------------------------------
     0 | D        | Blackmore the Minotaur Fighter began the quest for the Orb.
     0 | D        | Reached XP level 1. HP: 19/19 MP: 0/0
    11 | D        | Reached skill level 4 in Fighting
    62 | D        | Killed a hellion
    83 | D        | Reached skill level 5 in Fighting
    83 | D        | Reached skill level 5 in Armour
    83 | D        | Reached XP level 2. HP: 22/30 MP: 1/1
    97 | D        | Killed a hellion
    98 | D        | Killed a hellion
   124 | D        | Killed a white draconian scorcher
   158 | D        | Noticed Crazy Yiuf
   165 | D        | Killed Crazy Yiuf
   165 | D        | Reached skill level 6 in Fighting
   165 | D        | Reached skill level 5 in Shields
   165 | D        | Reached XP level 3. HP: 30/38 MP: 2/2
   189 | D        | Killed a hellion
   205 | D        | Noticed a water elemental
   210 | D        | Killed a water elemental
   210 | D        | Reached skill level 8 in Fighting
   210 | D        | Reached skill level 5 in Axes
   210 | D        | Reached XP level 4. HP: 48/48 MP: 3/3
   230 | D        | Killed a hellion
   263 | D        | Found a glowing silver altar of Zin.
   264 | D        | Found a glowing golden altar of the Shining One.
   264 | D        | Found a white marble altar of Elyvilon.
   264 | D        | Noticed a deep elf mage
   267 | D        | Noticed a rust devil
   282 | D        | Noticed an ice devil
   284 | D        | Mangled by an ice devil

Vault maps used:
D:        dungeon_sprint_mu

Skill      XL: |  1  2  3 |
---------------+----------+-----
Fighting       | 5 6 8 |  8.0
Armour         | 5 6 |  6.4
Shields        | 4 5 |  5.7
Axes           | 3 4 5 |  5.5

Action                   |  1- 3 |  4- 6 || total
-------------------------+-------+-------++-------
Melee: War axe           |    29 |     7 ||    36
       Headbutt          |     5 |     2 ||     7
  Use: Potion            |     1 |     2 ||     3
Armor: Scale mail        |     9 |     1 ||    10
Dodge: Dodged            |    11 |     6 ||    17
Block: Shield            |     8 |     2 ||    10
